 Dungeon Crawl Stone Soup version 0.25-a0-474-ga8a2ee3166 (webtiles) character file.

Game seed: 10290377590072129578, levelgen mode: deterministic

392 Esekla the Magician (level 6, -1/32 HPs)
             Began as a Deep Elf Wizard on Feb 7, 2020.
             Was a Follower of Sif Muna.
             Slain by Pikel
             ... wielding a +1 whip of freezing
              (9 damage)
             ... on level 6 of the Dungeon.
             The game lasted 00:42:13 (4311 turns).

Esekla the Magician (Deep Elf Wizard)               Turns: 4311, Time: 00:42:14

Health: -1/32      AC:  6    Str:  6    XL:     6   Next: 51%
Magic:  10/18      EV: 13    Int: 23    God:    Sif Muna [*.....]
Gold:   219        SH:  0    Dex: 13    Spells: 10/19 levels left

rFire    . . .     SeeInvis .   h - +0 long sword
rCold    + . .     Gourm    .   (no shield)
rNeg     . . .     Faith    .   k - +0 robe (curse)
rPois    .         Spirit   .   b - +0 hat
rElec    .         Reflect  .   p - +0 cloak
rCorr    .         Harm     .   o - +2 pair of gloves
MR       .....                  (no boots)
Stlth    +.........             (no amulet)
HPRegen  0.10/turn              m - ring of protection from cold
MPRegen  0.16/turn              (no ring)

@: lightly drained, very slow
A: no striking features
a: Channel Magic, Renounce Religion


You were on level 6 of the Dungeon.
You worshipped Sif Muna.
Sif Muna was aware of your devotion.
You were hungry.

You visited 1 branch of the dungeon, and saw 6 of its levels.
You also visited: Sewer.

You collected 219 gold pieces.

Inventory:

Hand Weapons
 a - a +0 short sword
 h - a +0 long sword (weapon)
 q - a +0 spear
 y - a +1 dagger of pain
Missiles
 n - 2 boomerangs (quivered)
Armour
 b - a +0 hat (worn)
 k - a cursed +0 robe (worn)
 o - a +2 pair of gloves (worn)
 p - a +0 cloak (worn)
Jewellery
 l - an uncursed ring of ice
 m - a ring of protection from cold (left hand)
Wands
 e - a wand of flame (6)
Scrolls
 c - a scroll of teleportation
 j - a scroll of remove curse {unknown}
 s - 2 scrolls of enchant armour {unknown}
 t - 2 scrolls of immolation {unknown}
 v - 3 scrolls of magic mapping
 w - a scroll of amnesia {unknown}
Potions
 f - a potion of agility
 g - 7 potions of heal wounds
 i - 4 potions of curing
 r - a potion of mutation
 u - 2 potions of invisibility
 z - a potion of might
 A - a potion of flight
Comestibles
 d - 7 rations


   Skills:
 + Level 1.7(1.6) Long Blades
 + Level 1.2(1.1) Throwing
 + Level 3.1(3.0) Dodging
 + Level 4.1(4.0) Stealth
 * Level 7.0(6.9) Spellcasting
 + Level 2.3(2.2) Conjurations
   Level 1.1(1.0) Summonings
 * Level 2.6(2.5) Translocations
 + Level 0.1(0.0) Fire Magic
 + Level 0.3(0.2) Air Magic
 + Level 0.5(0.4) Poison Magic


You had 10 spell levels left.
You knew the following spells:

 Your Spells              Type           Power        Failure   Level  Hunger
a - Magic Dart            Conj           ###.         3%          1    None
b - Blink                 Tloc           N/A          4%          2    None
c - Mephitic Cloud        Conj/Pois/Air  ##......     16%         3    None
f - Conjure Flame         Conj/Fire      ##......     14%         3    None

Your spell library contained the following spells:

 Spells                   Type           Power        Failure   Level  Hunger
 Summon Small Mammal      Summ           ##..         4%          1    None
 Call Imp                 Summ           ##......     8%          2    None
 Slow                     Hex            #.......     12%         2    None
 Call Canine Familiar     Summ           ##......     16%         3    None
 Summon Guardian Golem    Hex/Summ       ##......     19%         3    None
 Summon Ice Beast         Ice/Summ       ##......     52%         4    ###....
 Summon Lightning Spire   Summ/Air       ##......     52%         4    ###....


Dungeon Overview and Level Annotations

Branches:
Dungeon (6/15)             Temple (0/1) D:6           Sewer (visited)

Altars:
Sif Muna
Vehumet
Wu Jian

Annotations:
D:6 Pikel


Message History

The magic dart hits Pikel.
Pikel is lightly wounded.
Pikel hits you with a +1 whip of freezing!
* * * LOW HITPOINT WARNING * * *
Pikel freezes you.
* * * LOW HITPOINT WARNING * * *
You completely miss Pikel.
Pikel is lightly wounded.
Pikel barely misses you.
You riposte.
You closely miss Pikel.
Pikel is lightly wounded.
Pikel hits you but does no damage.
You enter the shallow water.
Moving in this stuff is going to be slow.
Pikel says, "You'll feel the lick of my whip!"
You barely miss Pikel.
Pikel is lightly wounded.
Pikel hits you but does no damage.
Your unstable footing causes you to fumble your attack.
Pikel hits you with a +1 whip of freezing!
You die...

*######.................#########
,.........p...................>..
,*#...........(............###.##
,*#.........[######'###....# *,**
,****##...S..# #..##....# *,** **
##......# ##.##....# *,** ,*
#...pp..# #..#....# *,** ,*
#..########## *#.#....# *,** ,*
#..oop(o{pK@# #......# *,*
,****#o.########## ##.....# *,#
,......oo,,,,* #.#######.#*
,........#**** #.#........*
,........# #.#........*
,........# #.#......$.*
#........# #..######.#*
...)....,* ##.# *,* .#..#*****
#.## *,*


You could see Pikel, 2 slaves and 2 orcs.

Vanquished Creatures
  A big kobold (Sewer)
  2 scorpions (D:6)
  An orc priest (D:3)
  An orc wizard (D:4)
  A worker ant (D:2)
  6 adders
  An ooze (D:1)
  An adder skeleton (D:4)
  2 worms (D:3)
  A dart slug (D:1)
  A leopard gecko (D:1)
  7 orcs
  7 bats
  3 giant cockroaches
  4 goblins
  6 hobgoblins
  6 jackals
  9 kobolds
  A quokka (D:2)
  2 ball pythons
  5 frilled lizards
  2 jackal skeletons
  A quokka zombie (D:5)
  5 rats
76 creatures vanquished.

Notes
Turn   | Place    | Note
-------+----------+-------------------------------------------
     0 | D:1      | Esekla the Deep Elf Wizard began the quest for the Orb.
     0 | D:1      | Reached XP level 1. HP: 10/10 MP: 7/7
   406 | D:1      | Reached XP level 2. HP: 6/15 MP: 0/9
   713 | D:2      | Learned a level 2 spell: Blink
   719 | D:3      | Reached skill level 5 in Spellcasting
   783 | D:3      | Found an ornate altar of the Wu Jian Council.
  1281 | D:1      | Reached XP level 3. HP: 19/19 MP: 6/11
  1606 | D:2      | Learned a level 3 spell: Mephitic Cloud
  1610 | D:2      | Learned a level 3 spell: Conjure Flame
  1886 | D:2      | Reached XP level 4. HP: 20/24 MP: 0/13
  1995 | D:2      | Found a shimmering blue altar of Sif Muna.
  2001 | D:2      | Became a worshipper of Sif Muna the Loreminder
  2256 | D:3      | Reached skill level 6 in Spellcasting
  2405 | D:3      | Reached XP level 5. HP: 27/28 MP: 12/15
  2434 | D:3      | Reached skill level 1 in Long Blades
  3007 | D:4      | Found a radiant altar of Vehumet.
  3463 | D:5      | Entered Level 5 of the Dungeon
  3650 | D:5      | Noticed an ice beast
  3757 | D:6      | Found a staircase to the Ecumenical Temple.
  3763 | D:6      | Noticed a sky beast
  3921 | D:6      | Reached skill level 1 in Throwing
  3921 | D:6      | Reached XP level 6. HP: 18/32 MP: 5/17
  3927 | D:6      | Noticed a slave
  3934 | D:6      | Noticed a slave
  3937 | D:6      | Noticed a slave
  3939 | D:6      | Noticed a slave
  3940 | D:6      | Noticed Pikel
  3958 | D:6      | Found a glowing drain.
  3967 | Sewer    | Entered a sewer
  4162 | Sewer    | Reached * piety under Sif Muna
  4167 | Sewer    | Reached skill level 7 in Spellcasting
  4188 | Sewer    | Found a white marble altar of Elyvilon.
  4311 | D:6      | Slain by Pikel

Levels and vault maps discovered:
D:1:      dpeg_arrival_pits, layout_basic
D:2:      layout_loops_ring, led_sif_pool, roderic_roman_lattice, hex_large
D:3:      layout_basic, overflow_temple_1_default, interstate_on_off
D:4:      minmay_clustersquares, layout_rooms, grunt_temple_overflow_cloverleaf,
          first_ration, vehumet_altar_wand_db
D:5:      layout_basic, hangedman_decor_growths, nzn_random_ring
D:6:      layout_basic, minmay_temple_entry_sparse_star, portal_sewer_entry_d,
          uniq_pikel

Skill      XL: |  1  2  3  4  5  6 |
---------------+-------------------+-----
Spellcasting   | 5 6 7 |  7.0
Stealth        | 3 4 |  4.1
Long Blades    | 1 |  1.7
Translocations | 2 |  2.6
Dodging        | 3 |  3.1
Conjurations   | 2 |  2.3
Throwing       | 1 |  1.2
Summonings     | |  1.1
Fire Magic     | |  0.1
Air Magic      | |  0.3
Poison Magic   | |  0.5

Action                   |  1- 3 |  4- 6 || total
-------------------------+-------+-------++-------
Melee: Long sword        |    23 |    73 ||    96
       Spear             |       |    11 ||    11
       Short sword       |       |     1 ||     1
Throw: Boomerang         |     6 |    66 ||    72
 Cast: Magic Dart        |    80 |    84 ||   164
       Mephitic Cloud    |     1 |    10 ||    11
       Conjure Flame     |       |    11 ||    11
       Blink             |       |     5 ||     5
  Use: Scroll            |       |     9 ||     9
       Potion            |       |     1 ||     1
 Stab: Sleeping          |     3 |     6 ||     9
       Confused          |     2 |     5 ||     7
  Eat: Chunk             |     2 |     5 ||     7
       Ration            |       |     1 ||     1
Armor: Robe              |    18 |    29 ||    47
Dodge: Dodged            |    39 |    78 ||   117
       Rpst.: Long sword |     8 |    26 ||    34

Table legend:
 A = Non-vault XP
 B = Vault XP
 C = Vault XP percentage of total XP
 D = Non-vault monster count
 E = Vault monster count
 F = Vault count percentage of total count
                 A         B        C        D         E       F
            +---------+---------+-------+---------+---------+-------
      Total |     448 |     113 |  20.1 |      66 |      10 |  13.2
            +---------+---------+-------+---------+---------+-------
        D:1 |      42 |       0 |   0.0 |      20 |       0 |   0.0
        D:2 |      81 |       0 |   0.0 |      14 |       0 |   0.0
        D:3 |     119 |       0 |   0.0 |      15 |       0 |   0.0
        D:4 |      56 |       2 |   3.4 |       8 |       1 |  11.1
        D:5 |       9 |       0 |   0.0 |       5 |       0 |   0.0
        D:6 |     141 |       0 |   0.0 |       4 |       0 |   0.0
      Sewer |       0 |     111 | 100.0 |       0 |       9 | 100.0
            +---------+---------+-------+---------+---------+-------
